 Dungeon Crawl Stone Soup version 0.20.0-10-g0535bb4 (webtiles) character file.

5515 MTVSty1e the Spear-Bearer (level 11, -5/90 HPs)
             Began as a Formicid Fighter on June 4, 2017.
             Was a Priest of Okawaru.
             Slain by a yak (12 damage)
             ... on level 8 of the Dungeon.
             The game lasted 00:19:51 (9981 turns).

MTVSty1e the Spear-Bearer (Formicid Fighter)        Turns: 9981, Time: 00:19:51

Health: -5/90      AC: 11    Str: 29    XL:     11   Next: 1%
Magic:  8/11       EV: 17    Int:  8    God:    Okawaru [***...]
Gold:   432        SH: 12    Dex: 10    Spells: 10/10 levels left

rFire    . . .     SeeInvis +   t - +1 halberd (chop)
rCold    . . .     Gourm    .   c - +0 shield
rNeg     . . .     Faith    .   b - +0 scale mail
rPois    .         Spirit   .   (helmet unavailable)
rElec    .         Reflect  .   (no cloak)
rCorr    .         Harm     .   (no gloves)
MR       +....     Clarity  +   s - +2 pair of boots
Stlth    ++........             (no amulet)
Regen    0.3/turn               x - ring of stealth
MPRegen  0.2/turn               A - +5 ring of evasion

@: mighty, heroism
A: permanent stasis, dig shafts and tunnels, four strong arms, antennae 3,
clarity, evolution 2
a: Dig, Shaft Self, Heroism, Renounce Religion


You were on level 8 of the Dungeon.
You worshipped Okawaru.
Okawaru was most pleased with you.
You were hungry.

You visited 2 branches of the dungeon, and saw 10 of its levels.
You also visited: Sewer.

You collected 432 gold pieces.

Inventory:

Hand Weapons
 a - a +1 trident
 t - a +1 halberd of chopping (weapon)
Armour
 b - a +0 scale mail (worn)
 c - a +0 shield (worn)
 s - a +2 pair of boots (worn)
Jewellery
 x - a ring of stealth (left hand)
 A - a +5 ring of evasion (right hand)
Wands
 h - a wand of flame (16/48)
Scrolls
 e - 7 scrolls of remove curse
 k - 4 scrolls of magic mapping
 p - a scroll of fog
 q - 2 scrolls of enchant armour
 r - 2 scrolls of recharging
 u - 2 scrolls of amnesia
 w - 2 scrolls of fear
Potions
 d - 2 potions of brilliance
 g - 4 potions of magic
 j - 3 potions of flight
 l - 2 potions of might
 m - 2 potions of cancellation
 n - 3 potions of invisibility
 o - a potion of curing
 v - 2 potions of ambrosia
 B - a potion of agility
 C - a potion of lignification
 D - a potion of berserk rage
Comestibles
 f - 2 bread rations


   Skills:
 + Level 10.0(15.0) Fighting
 * Level 12.4(17.4) Polearms
 + Level 4.1(9.1) Armour
 + Level 4.7(9.7) Shields


You had 10 spell levels left.
You didn't know any spells.

Dungeon Overview and Level Annotations

Branches:
Dungeon (9/15)             Temple (1/1) D:4             Orc (0/2) D:9
   Lair: D:8-11

Altars:
Ashenzari
Cheibriados
Elyvilon
Fedhas
Gozag
Kikubaaqudgha
Makhleb
Nemelex Xobeh
Okawaru
Qazlal
Ru
Trog
Uskayaw
Xom
Yredelemnul
Zin
The Shining One


Innate Abilities, Weirdness & Mutations

You cannot be hasted, slowed, berserked, paralysed or teleported.
You can dig through walls and to a lower floor.
Your four strong arms can wield two-handed weapons with a shield.
You have a pair of large antennae on your head. (SInv)
You possess an exceptional clarity of mind.
You rapidly evolve.


Message History

Okawaru accepts your kill.
Your Armour skill increases to level 4!
You gain the combat prowess of a mighty hero.
You barely miss the yak. The yak gores you.
* * * LOW HITPOINT WARNING * * *
You closely miss the yak. You impale the yak!!
The yak is heavily wounded.
You hear a bellow!
The yak completely misses you.
You skewer the yak like a kebab!!!
You kill the yak!
Okawaru accepts your kill.
Your base Fighting skill increases to level 10!
You have reached level 11!
You start resting.
A yak is nearby!
You are too injured to fight recklessly!
The yak gores you!
You die...

#..........#.#.
#..{.......#.#(
#[.........#.##
#>.........#.##
#[#............
#$#............
####.#..........#.
#.Y†.#..........##
#@####{.........##
#.# #..........##
#.# #..........##
#.####..........#
#.#.............#
##.....)...#######
#...........#
#...........#
#...........#


You could see a yak.

Vanquished Creatures
  The ghost of maniacrov the Slasher, a novice MiGl of Gozag (D:6)
  A wyvern (D:8)
  3 yaks (D:8)
  The ghost of Gorglomux the Insei, an amateur OpTm (D:3)
  A black bear (D:7)
  Purgy (Sewer)
  An ice beast (D:5)
  6 orc warriors
  2 sky beasts
  7 ogres
  2 phantoms
  2 centaurs
  3 wolves (D:8)
  A bullfrog (D:8)
  A scorpion (D:9)
  11 wights
  6 killer bees (D:8)
  A crimson imp (D:8)
  3 bullfrog zombies
  4 hounds
  6 orc priests
  4 jellies
  2 bullfrog skeletons
  9 orc wizards
  A centaur skeleton (D:7)
  Jessica (D:3)
  2 iguanas
  4 worker ants
  2 hound zombies
  A hound skeleton (D:4)
  9 adders
  6 gnolls
  3 shadow imps
  11 oozes
  An adder zombie (D:8)
  An adder skeleton (D:7)
  2 worms (D:2)
  2 dart slugs
  9 leopard geckos
  38 orcs
  4 bats
  4 giant cockroaches
  10 goblins
  3 hobgoblins
  A jackal (D:4)
  6 quokkas
  5 ball pythons
  12 frilled lizards
  A jackal skeleton (D:4)
  14 kobolds
  A leopard gecko skeleton (D:4)
  7 rats
240 creatures vanquished.

Vanquished Creatures (others)
  A fungus (D:3)
  8 toadstools (D:3)
9 creatures vanquished.

Grand Total: 249 creatures vanquished

Notes
Turn   | Place    | Note
-------+----------+-------------------------------------------
     0 | D:1      | MTVSty1e the Formicid Fighter began the quest for the Orb.
     0 | D:1      | Reached XP level 1. HP: 18/18 MP: 1/1
   184 | D:1      | Reached XP level 2. HP: 24/24 MP: 2/2
   634 | D:1      | Reached skill level 3 in Polearms
   813 | D:2      | Reached XP level 3. HP: 29/29 MP: 3/3
   904 | D:2      | Found a shattered altar of Ashenzari.
  1129 | D:2      | Reached XP level 4. HP: 23/37 MP: 4/4
  1688 | D:3      | Reached skill level 4 in Polearms
  1860 | D:3      | Noticed Gorglomux's ghost (amateur OpTm)
  1865 | D:3      | Noticed Jessica
  1883 | D:3      | Killed Jessica
  1883 | D:3      | Reached XP level 5. HP: 37/43 MP: 5/5
  2047 | D:3      | Killed Gorglomux's ghost
  2047 | D:3      | Reached skill level 5 in Polearms
  2047 | D:3      | Reached XP level 6. HP: 15/50 MP: 6/6
  2332 | D:3      | Found a burning altar of Makhleb.
  2381 | D:3      | Reached skill level 5 in Fighting
  2830 | D:4      | Noticed an ogre
  2845 | D:4      | Killed an ogre
  2845 | D:4      | Reached skill level 6 in Polearms
  2845 | D:4      | Reached XP level 7. HP: 14/56 MP: 7/7
  3409 | D:4      | Found a stormy altar of Qazlal.
  3647 | D:4      | Found a staircase to the Ecumenical Temple.
  3700 | Temple   | Entered the Ecumenical Temple
  4186 | D:4      | Reached skill level 7 in Polearms
  4186 | D:4      | Reached XP level 8. HP: 64/64 MP: 8/8
  4273 | D:5      | Entered Level 5 of the Dungeon
  4506 | D:5      | Found an iron altar of Okawaru.
  4531 | D:5      | Became a worshipper of Warmaster Okawaru
  4578 | D:5      | Found a glowing drain.
  4595 | Sewer    | Entered a sewer
  4687 | Sewer    | Noticed Purgy
  4704 | Sewer    | Killed Purgy
  4704 | Sewer    | Reached skill level 8 in Polearms
  5360 | D:5      | Reached XP level 9. HP: 36/72 MP: 9/9
  5570 | D:5      | Reached * piety under Okawaru
  5570 | D:5      | Reached skill level 9 in Polearms
  5946 | D:6      | Noticed maniacrov's ghost (novice MiGl)
  5965 | D:6      | Killed maniacrov's ghost
  6308 | D:6      | Reached skill level 10 in Polearms
  7261 | D:7      | Found a glowing silver altar of Zin.
  7558 | D:7      | Reached ** piety under Okawaru
  7558 | D:7      | Reached XP level 10. HP: 61/82 MP: 10/10
  7586 | D:7      | Reached skill level 11 in Polearms
  8758 | D:8      | HP: 1/83 [wolf[Grum] (9)]
  9167 | D:8      | Reached skill level 12 in Polearms
  9504 | D:9      | Reached *** piety under Okawaru
  9748 | D:9      | Found a staircase to the Orcish Mines.
  9753 | D:9      | Gained mutation: Armour fits poorly on your strangely shaped body. [mutagenic meat]
  9755 | D:9      | Gained mutation: You are resistant to hostile enchantments. (MR+) [mutagenic meat]
  9756 | D:9      | Gained mutation: You are frail. (-10% HP) [mutagenic meat]
  9757 | D:9      | Gained mutation: Your spells are a little harder to cast, but a little more powerful. [mutagenic meat]
  9758 | D:9      | Lost mutation: Armour fits poorly on your strangely shaped body. [potion of mutation]
  9758 | D:9      | Lost mutation: You are frail. (-10% HP) [potion of mutation]
  9758 | D:9      | Lost mutation: Your spells are a little harder to cast, but a little more powerful. [potion of mutation]
  9758 | D:9      | Lost mutation: You are resistant to hostile enchantments. (MR+) [potion of mutation]
  9758 | D:9      | Gained mutation: You evolve. [potion of mutation]
  9758 | D:9      | Gained mutation: You possess an exceptional clarity of mind. [potion of mutation]
  9758 | D:9      | Gained mutation: You rapidly evolve. [potion of mutation]
  9978 | D:8      | Reached skill level 10 in Fighting
  9978 | D:8      | Reached XP level 11. HP: 6/90 MP: 8/11
  9981 | D:8      | Slain by a yak

Skill      XL: |  1  2  3  4  5  6  7  8  9 10 |
---------------+-------------------------------+-----
Polearms       | 3 4 5 6 7 8 10 12 | 12.4
Fighting       | 4 5 6 7 8 10 | 10.0
Shields        | 4 |  4.7
Armour         | 4 |  4.1

Action                   |  1- 3 |  4- 6 |  7- 9 | 10-12 || total
-------------------------+-------+-------+-------+-------++-------
Melee: Trident           |    99 |   165 |   537 |       ||   801
       Halberd           |       |       |       |   241 ||   241
Invok: Heroism           |       |       |     2 |     2 ||     4
 Abil: Dig               |       |     1 |       |       ||     1
  Use: Scroll            |     1 |     6 |    16 |     4 ||    27
       Potion            |       |     2 |     3 |     6 ||    11
  Eat: Chunk             |       |     3 |     1 |     4 ||     8
       Bread ration      |       |     1 |       |     1 ||     2
       Royal jelly       |       |       |     3 |       ||     3
       Fruit             |       |       |     1 |       ||     1
       Meat ration       |       |       |     2 |       ||     2
Armor: Scale mail        |    30 |    37 |   172 |    52 ||   291
Dodge: Dodged            |    20 |    34 |   149 |   126 ||   329
Block: Shield            |    31 |    64 |   209 |   122 ||   426
